 Dungeon Crawl Stone Soup version 0.19-b1-5-gdc9fa9d (webtiles) character file.

15106 Chiseanne the Blocker (level 11, -4/101 HPs)
             Began as a Minotaur Fighter on Oct 31, 2016.
             Was a High Priest of Makhleb.
             Slain by an orc warrior
             ... wielding a +2 glaive of freezing
              (27 damage)
             ... on level 12 of the Dungeon.
             The game lasted 00:44:19 (11294 turns).

Chiseanne the Blocker (Minotaur Fighter)           Turns: 11294, Time: 00:44:19

Health: -4/101     AC: 11    Str: 19    XL:     11   Next: 97%
Magic:  14/14      EV: 13    Int:  5    God:    Makhleb [*****.]
Gold:   859        SH: 13    Dex: 10    Spells: 1 memorised, 9 levels left

rFire  . . .     SeeInvis +     d - +5 war axe
rCold  + . .     Gourm    .     F - +1 robe of Nushrin {rElec rCorr Str-2 SInv}
rNeg   + . .     Faith    .     c - +1 shield
rPois  +         Spirit   .     (helmet restricted)
rElec  +         Reflect  .     Z - +1 cloak {rPois}
rCorr  +         Harm     .     R - +0 pair of gloves
MR     .....                    (no boots)
Stlth  +.........               t - amulet "Dottopuop" {RegenMP rPois rC+ rN+ Dex-3}
                                K - +4 ring of protection
                                o - ring of see invisible

@: lethally poisoned (-4 -> -5), drained
A: retaliatory headbutt, horns 2
a: Minor Destruction, Lesser Servant of Makhleb, Major Destruction, Greater
Servant of Makhleb, Renounce Religion


You were on level 12 of the Dungeon.
You worshipped Makhleb.
Makhleb was extremely pleased with you.
You were not hungry.

You visited 1 branch of the dungeon, and saw 13 of its levels.
You also visited: Labyrinth.

You collected 859 gold pieces.

Inventory:

Hand Weapons
 a - a +2 war axe of chopping
 d - a +5 war axe (weapon)
 s - the +7 scimitar of the Whelk {freeze, rPois rC+ Stlth-}
   (You found it on level 10 of the Dungeon)

   It has been specially enchanted to freeze those struck by it, causing extra
   injury to most foes and up to half again as much damage against particularly
   susceptible opponents.
   It can also slow down cold-blooded creatures.
   It protects you from cold.
   It protects you from poison.
   It makes you less stealthy.
 Y - a +1 flail of protection
Missiles
 i - 8 javelins (quivered)
 q - 75 bolts
 r - 7 needles of confusion
 x - 6 poisoned tomahawks
 z - 2 curare-tipped needles
 B - 54 sling bullets
 D - 42 poisoned needles
 M - 5 silver javelins
Armour
 c - a +1 shield (worn)
 F - the +1 robe of Nushrin (worn) {rElec rCorr Str-2 SInv}
   (You took it off a minotaur in a labyrinth)

   It affects your strength (-2).
   It insulates you from electricity.
   It lets you see invisible.
   It protects you from acid and corrosion.
 R - a +0 pair of gloves (worn)
 W - a +0 troll leather armour
 X - the +0 plate armour of Lies {rN+ Int+3}
   (You found it in a labyrinth)

   It affects your intelligence (+3).
   It protects you from negative energy.
 Z - a +1 cloak of poison resistance (worn)
Jewellery
 b - an uncursed ring of fire
 n - an uncursed ring of poison resistance
 o - a ring of see invisible (left hand)
 t - the amulet "Dottopuop" (around neck) {RegenMP rPois rC+ rN+ Dex-3}
   (You found it on level 6 of the Dungeon)

   [amulet of magic regeneration]

   It increases your magic regeneration.
   It affects your dexterity (-3).
   It protects you from cold.
   It protects you from poison.
   It protects you from negative energy.
 K - a +4 ring of protection (right hand)
 T - an uncursed ring of flight
Wands
 w - a wand of paralysis (8/24)
 H - a wand of lightning (5/15)
 L - a wand of paralysis (13/24)
 O - a wand of lightning (0/15)
Scrolls
 e - 2 scrolls of fear
 g - 2 scrolls of recharging
 C - 7 scrolls of remove curse
 J - a scroll of immolation
 N - a scroll of blinking
 S - 3 scrolls of identify
 V - 3 scrolls of fog
Potions
 j - 3 potions of brilliance
 m - 3 potions of cure mutation
 u - 2 potions of curing
 E - a potion of heal wounds
 I - a potion of lignification
 Q - a potion of ambrosia
Books
 h - a book of Geomancy

   Spells                             Type                      Level
   a - Sandblast                      Earth                        1
   b - Passwall                       Transmutation/Earth          2
   c - Stone Arrow                    Conjuration/Earth            3
   d - Petrify                        Transmutation/Earth          4
   e - Lee's Rapid Deconstruction     Earth                        5
 G - a book of Cantrips

   Spells                             Type                      Level
   a - Confusing Touch                Hexes                        1
   b - Animate Skeleton               Necromancy                   1
   c - Summon Small Mammal            Summoning                    1
   d - Apportation                    Translocation                1
Miscellaneous
 P - a phial of floods
 U - a lamp of fire
Comestibles
 f - 8 bread rations
 k - 13 fruits
 l - 2 chunks of flesh
 p - 4 beef jerkies
 v - 4 royal jellies
 A - 4 meat rations


   Skills:
 - Level 10.8(9.7) Fighting
 - Level 4.2(3.3) Long Blades
 * Level 10.5(9.5) Axes
 - Level 10.4(9.4) Armour
 * Level 5.4(4.5) Dodging
 * Level 12.0(11.0) Shields
 * Level 5.7(4.8) Invocations


You had 9 spell levels left.
You knew the following spells:

 Your Spells              Type           Power        Failure   Level  Hunger
a - Apportation           Tloc           #.........   85%         1    ##.....


Dungeon Overview and Level Annotations

Branches:
Dungeon (13/15)            Temple (0/1) D:6            Lair (0/6) D:9
    Orc: D:9-12      Vaults: D:13-14

Altars:
Cheibriados
Elyvilon
Gozag
Kikubaaqudgha
Makhleb
Okawaru
Uskayaw
Vehumet
Xom

Shops:
D:4 *   D:13 *

Annotations:
D:12 Fannar
D:13 Eligius's ghost, journeyman MiFi


Innate Abilities, Weirdness & Mutations

You reflexively headbutt those who attack you in melee.
You have a pair of horns on your head.


Message History

The orange demon stings you but does no damage.
You hit the orc warrior.
The orc warrior is severely wounded.
You hit the orc.
You feel sick. The orc warrior completely misses you. You furiously retaliate!
You headbutt the orc warrior!
You block the orc's attack. x2; The orange demon stings you from afar!
* * * LOW HITPOINT WARNING * * *
Some of the chunks of flesh in your inventory have rotted away.
You barely miss the orc warrior.
The orc warrior is almost dead.
You hit the orc.
Fannar gestures wildly while chanting.
The orc closely misses you. You block the orc warrior's attack.
The orc misses you. The orange demon barely misses you.
You hit the orc warrior but do no damage.
The orc warrior is almost dead.
You hit the orc.
You feel sick. The orc hits you but does no damage. You block the orc's attack.
You block the orange demon's attack.
The orc warrior hits you with a glaive of freezing!!
You die...

.# #...# #.#.. . .#
#...###### #.#.# .# .#
#........# #.#.##.# .
.####...####.###......# ..
..................##.##..
..<.(..................
.>....)........YeYo#.## .
.####...####.###oo4o..#....
.# #........# #@#.........
#####...###### #####o)..#.#
..........# ..#.#
####....#.# ..[.# #....#.#
o...# #....#.# ....#
#.####.# .....
####.<....#### ..####
.............#


You could see Fannar, an orange demon, an orc warrior, 2 ice beasts and 3 orcs.

Vanquished Creatures
  A minotaur (Lab)
  A hill giant (D:11)
  An ugly thing (D:10)
  2 cyclopes
  Maurice (D:11)
  Joseph (D:8)
  A centaur skeleton (D:12)
  2 trolls
  Prince Ribbit (D:6)
  The ghost of McCoppin the Skirmisher, an amateur FoHu of Qazlal (D:4)
  2 two-headed ogres
  A hornet (D:7)
  Grinder (D:4)
  A minotaur skeleton (Lab)
  2 hippogriffs
  A wyvern (D:11)
  Sigmund (D:6)
  6 yaks (D:9)
  A spriggan (D:10)
  A wraith (D:11)
  Grum (D:8)
  A basilisk (Lab)
  A hungry ghost (D:7)
  A mottled dragon (D:11)
  Duvessa (D:4)
  3 sky beasts
  3 orc warriors
  4 ice beasts
  A black bear (D:8)
  12 ogres
  2 phantoms
  3 wolves (D:8)
  2 necrophages
  The ghost of Rationalist the Chopper, an amateur DsGl (D:3)
  6 centaurs
  2 big kobolds
  9 bullfrogs
  A gnoll sergeant (D:9)
  Blork the orc (D:4)
  Dowan (D:4)
  A wyvern skeleton (D:11)
  5 scorpions
  20 killer bees
  11 wights
  2 howler monkeys
  3 crimson imps
  A bullfrog zombie (D:11)
  7 hounds
  3 jellies
  11 orc wizards
  A quasit (D:5)
  7 orc priests
  2 bullfrog skeletons
  12 worker ants
  4 iguanas
  2 hound zombies
  A hound skeleton (D:11)
  A howler monkey zombie (D:7)
  A worker ant zombie (D:9)
  8 adders
  11 gnolls
  3 shadow imps
  An ooze (D:1)
  2 adder skeletons (D:6)
  2 worms
  3 dart slugs (D:2)
  9 leopard geckos
  37 orcs
  A ball python (D:3)
  7 bats
  8 giant cockroaches
  3 goblins
  5 hobgoblins
  12 jackals
  17 kobolds
  2 quokkas
  7 frilled lizards
  A leopard gecko skeleton (D:6)
  A leopard gecko zombie (D:8)
  2 quokka skeletons
  A quokka zombie (D:6)
  4 rats
327 creatures vanquished.

Vanquished Creatures (collateral kills)
  An orc (D:12)
1 creature vanquished.

Vanquished Creatures (others)
  A worm (D:3)
  4 fungi (D:9)
  2 plants (D:9)
7 creatures vanquished.

Grand Total: 335 creatures vanquished

Notes
Turn   | Place    | Note
-------+----------+-------------------------------------------
     0 | D:1      | Chiseanne the Minotaur Fighter began the quest for the Orb.
     0 | D:1      | Reached XP level 1. HP: 19/19 MP: 0/0
   195 | D:1      | Reached XP level 2. HP: 27/27 MP: 1/1
   364 | D:1      | Reached skill level 4 in Shields
   686 | D:2      | Reached XP level 3. HP: 30/33 MP: 2/2
  1019 | D:2      | Reached XP level 4. HP: 36/40 MP: 3/3
  1439 | D:3      | Found a radiant altar of Vehumet.
  1521 | D:3      | Reached XP level 5. HP: 46/47 MP: 4/4
  1652 | D:3      | Noticed Rationalist's ghost (amateur DsGl)
  1711 | D:3      | Killed Rationalist's ghost
  1711 | D:3      | Reached skill level 5 in Fighting
  1711 | D:3      | Reached skill level 5 in Armour
  1711 | D:3      | Reached skill level 5 in Shields
  1987 | D:3      | Reached XP level 6. HP: 56/56 MP: 5/5
  2064 | D:3      | Noticed a sky beast
  2099 | D:2      | Killed a sky beast
  2504 | D:3      | Found a shimmering altar of Xom.
  2515 | D:3      | Found an iron altar of Okawaru.
  2523 | D:3      | Found a burning altar of Makhleb.
  2533 | D:3      | Became a worshipper of Makhleb the Destroyer
  2653 | D:4      | Noticed Blork the orc
  2671 | D:4      | Killed Blork the orc
  2688 | D:4      | Reached XP level 7. HP: 38/62 MP: 6/6
  2792 | D:4      | Reached skill level 5 in Axes
  3004 | D:4      | Found a snail-covered altar of Cheibriados.
  3004 | D:4      | Found an ancient bone altar of Kikubaaqudgha.
  3083 | D:4      | Noticed Duvessa
  3083 | D:4      | Noticed Dowan
  3094 | D:4      | Killed Duvessa
  3094 | D:4      | Reached skill level 6 in Shields
  3097 | D:4      | Killed Dowan
  3500 | D:4      | Found Gozag's Platinum Reserve.
  3500 | D:4      | Noticed McCoppin's ghost (amateur FoHu)
  3510 | D:4      | Killed McCoppin's ghost
  3510 | D:4      | Reached XP level 8. HP: 60/71 MP: 7/7
  3560 | D:4      | Found an opulent altar of Gozag.
  3571 | D:4      | Noticed Grinder
  3579 | D:4      | Paralysed by Grinder for 5 turns
  3585 | D:4      | Killed Grinder
  3585 | D:4      | Reached skill level 7 in Shields
  3961 | D:5      | Entered Level 5 of the Dungeon
  3974 | D:5      | Reached * piety under Makhleb
  3983 | D:5      | Found a hide-covered altar of Uskayaw.
  4880 | D:6      | Noticed Sigmund
  4889 | D:6      | Reached XP level 9. HP: 68/81 MP: 8/8
  4952 | D:6      | Killed Sigmund
  4952 | D:6      | Reached skill level 8 in Shields
  4978 | D:6      | Got a translucent amethyst amulet
  4985 | D:6      | Identified the amulet "Dottopuop" {RegenMP rPois rC+ rN+ Dex-3} (You found it on level 6 of the Dungeon)
  5009 | D:6      | Found a staircase to the Ecumenical Temple.
  5286 | D:6      | Reached ** piety under Makhleb
  5320 | D:6      | Learned a level 1 spell: Apportation
  5323 | D:6      | Noticed Prince Ribbit
  5342 | D:6      | Killed Prince Ribbit
  5884 | D:7      | Reached skill level 9 in Shields
  6234 | D:7      | Paralysed by a hornet for 2 turns
  6607 | D:7      | Reached *** piety under Makhleb
  6611 | D:7      | Reached XP level 10. HP: 83/91 MP: 9/9
  7199 | D:8      | Noticed Grum
  7214 | D:8      | Reached skill level 1 in Long Blades
  7225 | D:8      | Killed Grum
  7290 | D:8      | Found a white marble altar of Elyvilon.
  7747 | D:8      | Noticed Joseph
  7757 | D:8      | Killed Joseph
  7757 | D:8      | Reached skill level 10 in Shields
  8146 | D:9      | Found a staircase to the Lair.
  8204 | D:9      | Reached skill level 10 in Fighting
  8204 | D:9      | Reached skill level 10 in Armour
  8321 | D:10     | Entered Level 10 of the Dungeon
  8528 | D:9      | Reached **** piety under Makhleb
  8576 | D:9      | Reached skill level 1 in Invocations
  9125 | D:9      | Reached XP level 11. HP: 78/101 MP: 10/12
  9127 | D:9      | Reached skill level 1 in Dodging
  9386 | D:10     | Reached skill level 11 in Shields
  9423 | D:10     | Got an iridescent scimitar
  9428 | D:10     | Identified the +7 scimitar of the Whelk {freeze, rPois rC+ Stlth-} (You found it on level 10 of the Dungeon)
  9960 | D:11     | Noticed a hill giant
  9967 | D:11     | Killed a hill giant
  9972 | D:11     | Reached ***** piety under Makhleb
 10031 | D:11     | Noticed Maurice
 10044 | D:11     | Killed Maurice
 10224 | D:11     | Reached skill level 10 in Axes
 10256 | D:11     | Found a labyrinth entrance.
 10265 | Lab      | Entered a labyrinth
 10323 | Lab      | Reached skill level 5 in Invocations
 10574 | Lab      | Noticed a minotaur
 10586 | Lab      | Killed a minotaur
 10588 | Lab      | Got a silken robe
 10594 | Lab      | Got a faintly glowing plate armour
 10606 | Lab      | Identified the +1 robe of Nushrin {rElec rCorr Str-2 SInv} (You took it off a minotaur in a labyrinth)
 10616 | Lab      | Identified the +0 plate armour of Lies {rN+ Int+3} (You found it in a labyrinth)
 10657 | D:11     | Noticed a brown ugly thing
 10692 | D:10     | Killed a brown ugly thing
 10692 | D:10     | Reached skill level 5 in Dodging
 10831 | D:10     | You fall through a shaft for 3 floors!
 10831 | D:13     | Found Dohonta's Demolitions Depot.
 10864 | D:13     | Noticed Eligius's ghost (journeyman MiFi)
 11000 | D:11     | Reached skill level 12 in Shields
 11241 | D:12     | Noticed Fannar
 11294 | D:12     | Slain by an orc warrior

Skill      XL: |  1  2  3  4  5  6  7  8  9 10 11 |
---------------+----------------------------------+-----
Armour         | 4 5 6 7 9 10 | 10.4
Shields        | 4 5 6 7 9 10 12 | 12.0
Fighting       | 4 5 6 7 9 10 | 10.8
Axes           | 3 4 6 7 9 10 | 10.5
Long Blades    | 3 4 |  4.2
Invocations    | 2 5 |  5.7
Dodging        | 5 |  5.4

Action                   |  1- 3 |  4- 6 |  7- 9 | 10-12 || total
-------------------------+-------+-------+-------+-------++-------
Melee: War axe           |    94 |   123 |   310 |   447 ||   974
       Headbutt          |    12 |    25 |    49 |    70 ||   156
       Falchion          |       |       |       |     9 ||     9
       Scimitar          |       |       |       |    25 ||    25
Throw: Javelin           |       |     2 |    11 |     9 ||    22
       Stone             |       |       |       |     4 ||     4
Invok: Lesser Servant of |       |       |       |     2 ||     2
       Major Destruction |       |       |       |     1 ||     1
Evoke: Wand              |       |     1 |     5 |     6 ||    12
  Use: Scroll            |       |    14 |     4 |    10 ||    28
       Potion            |       |       |     6 |     3 ||     9
 Stab: Paralysed         |       |       |       |     5 ||     5
  Eat: Chunk             |     1 |     5 |    13 |    14 ||    33
       Pizza             |       |       |       |     2 ||     2
Armor: Scale mail        |    48 |    50 |   107 |   106 ||   311
       Troll leather arm |       |       |       |    59 ||    59
       Robe              |       |       |       |    34 ||    34
Dodge: Dodged            |    26 |    43 |    73 |   233 ||   375
Block: Shield            |    45 |    77 |   164 |   419 ||   705
       Rpst.: Scimitar   |       |       |       |     2 ||     2
